 Dungeon Crawl Stone Soup version 0.29-a0-322-g68df515428 (webtiles) character file.

Game seed: 5677971078533180639

3091 Gargoyl the Covered (level 9, -10/57 HPs)
             Began as a Gargoyle Abyssal Knight on Apr 8, 2022.
             Was a High Priest of Lugonu.
             Killed from afar by Maurice (26 damage)
             ... with a bolt of acid
             ... on level 8 of the Dungeon.
             The game lasted 00:09:12 (8998 turns).

Gargoyl the Covered (Gargoyle Abyssal Knight)       Turns: 8998, Time: 00:09:13

Health: -10/57     AC: 23    Str: 18    XL:     9   Next: 89%
Magic:  12/12      EV:  8    Int: 12    God:    Lugonu [*****.]
Gold:   551        SH:  0    Dex: 14    Spells: 8/8 levels left

rFire   . . .      SeeInvis +   p - +3 long sword "Abicy" {venom, rElec Dex+2}
rCold   . . .      Faith    .   (no shield)
rNeg    + . .      Spirit   .   g - +0 chain mail
rPois   ∞          Reflect  .   i - +1 helmet {SInv}
rElec   +          Harm     .   o - +0 cloak
rCorr   .          Rampage  .   (no gloves)
Will    .....                   e - +1 pair of boots
Stlth   ..........              (no amulet)
HPRegen 0.19/turn               (no ring)
MPRegen 0.13/turn               (no ring)

@: no status effects
A: sickness immunity, AC +6, negative energy resistance 1, electricity
resistance, torment resistance 1, petrification resistance
a: Renounce Religion, Depart the Abyss, Bend Space, Banish, Corrupt, Enter the
Abyss


You were on level 8 of the Dungeon.
You worshipped Lugonu.
Lugonu was extremely pleased with you.
You visited 2 branches of the dungeon, and saw 9 of its levels.
You visited the Abyss 1 time.

You collected 551 gold pieces.

Inventory:

Hand Weapons
 a - a +1 hand axe
 b - a +3 trident of venom
 p - the +3 long sword "Abicy" (weapon) {venom, rElec Dex+2}
   (You found it on level 6 of the Dungeon)

   It poisons the flesh of those it strikes.
   Dex:       It affects your dexterity (+2).
   rElec:     It insulates you from electricity.
Missiles
 h - 14 poisoned darts (quivered)
 m - 9 javelins
Armour
 e - a +1 pair of boots (worn)
 g - a +0 chain mail (worn)
 i - a +1 helmet of see invisible (worn)
 o - a +0 cloak (worn)
Wands
 n - a wand of paralysis (11)
 s - a wand of iceblast (19)
 t - a wand of polymorph (9)
 v - a wand of mindburst (12)
Scrolls
 k - 2 scrolls of identify
Potions
 f - 3 potions of brilliance
 l - a potion of might
 q - a potion of berserk rage
 r - 2 potions of flight {unknown}


   Skills:
 + Level 7.1 Fighting
 + Level 3.3 Long Blades
 + Level 3.0(5.2) Axes
 + Level 6.5(6.9) Polearms
 + Level 7.8 Armour
 + Level 2.5 Dodging
 + Level 1.4 Stealth
 * Level 4.1 Invocations


You had 8 spell levels left.
You didn't know any spells.
Your spell library contained the following spells:

 Spells                   Type           Power      Damage    Failure   Level
 Beastly Appendage        Tmut           0%         N/A       97%         1
 Scorch                   Fire           0%         2d5       99%         2
 Wereblood                Tmut           0%         N/A       99%         2
 Spider Form              Tmut/Pois      0%         N/A       100%        3
 Flame Wave               Conj/Fire      0%         2d4       100%        4
 Summon Cactus Giant      Summ           0%         N/A       100%        6


Dungeon Overview and Level Annotations

Branches:
Dungeon (8/15)             Temple (1/1) D:5
   Lair: D:8-11

Altars:
Ashenzari
Gozag
Hepliaklqana
Kikubaaqudgha
Okawaru
Qazlal
Sif Muna
Vehumet
Xom
Yredelemnul
Beogh

Annotations:
D:8 Maurice


Innate Abilities, Weirdness & Mutations

You are immune to sickness and miasma.
Your stone body is resilient. (AC +6)
You are immune to poison.
You resist negative energy. (rN+)
You are resistant to electric shocks. (rElec)
You are resistant to unholy torment.
You are immune to petrification.


Message History

+0 steam dragon scales; a steam dragon skeleton You see here a +0 morningstar.
Maurice the Thief comes into view.
He is wielding a +1 short sword of holy wrath and carrying a wand of acid (8).
Maurice is nearby!
Maurice is nearby!
Maurice is nearby!
Maurice shouts!
You hear a shout!
Maurice casts a spell.
Maurice flickers and vanishes for a moment.
You hear a shout! x2
Maurice drinks a potion.
Maurice suddenly seems more resistant.
Maurice zaps a wand.
The bolt of acid hits you!!
An orc wizard comes into view. It is wielding a +0 dagger of venom.
Maurice casts a spell.
Maurice puts on a burst of speed!
An orc comes into view. It is wielding a +0 dagger.
The orc warrior shouts!
An orc priest comes into view. It is wielding a +0 flail.
Maurice hits you with a +1 short sword of holy wrath.
Maurice steals your potion of haste!
You hit Maurice.
Maurice is lightly wounded.
Maurice drinks a potion.
Maurice seems to speed up.
You slash Maurice!
Maurice is lightly wounded.
Maurice zaps a wand.
The bolt of acid hits you!!
* * * LOW HITPOINT WARNING * * *
Maurice hits you with a +1 short sword of holy wrath!
* * * LOW HITPOINT WARNING * * *
Maurice steals your +0 war axe!
You feel much better. Maurice hits you but does no damage.
Maurice shouts, "HAHA!"
Maurice hits you but does no damage.
The orc wizard hits you but does no damage.
Blink to where?
Press: ? - help, Dir - move target
As you read the scroll of blinking, it crumbles to dust.
There is an escape hatch in the ceiling here.
Maurice zaps a wand.
The bolt of acid hits you!!
You die...

........... #) # #.... ... ##.
..#.... ... #..
......o##.######## #.#
.......o#.##.....# ##.#
......oo#.##.....# #..#
....../@...@.....###### ##.##
..........##........... ###..#.
..#...........@..########...##.
###.#.......÷..#####....###..
...###.####.........)..[[..#
.### #..# ###.#####....###.. .
#..## #...# ####...##. #[.#
#......#####..#( ..#
#########.##.... ##.##
#.......#....... #..#
#.......#....# ####.#


You could see Maurice (fast, swift, resistant, invisible).

Vanquished Creatures
  Prince Ribbit (D:5)
  Sigmund (D:5)
  Eustachio (D:5)
  2 steam dragons
  Menkaure (D:4)
  Edmund (D:5)
  2 water moccasins (D:6)
  An ice beast (D:7)
  An ogre (D:6)
  A black bear (D:3)
  The ghost of Flugslaktarn the Vexing, an amateur PaEn (Temple)
  2 kobold brigands
  Blork the orc (D:6)
  A necrophage (D:6)
  2 scorpions
  3 bullfrogs
  3 killer bees (D:7)
  A howler monkey (D:8)
  2 gnoll shamans
  2 orc priests
  2 hounds
  2 jellies
  Crazy Yiuf (D:3)
  3 iguanas (D:5)
  Terence (D:3)
  2 orc wizards
  Robin (D:2)
  8 adders
  12 gnolls
  2 shadow imps (D:5)
  A white imp (D:7)
  2 ufetubi (D:4)
  3 worms
  23 orcs
  4 bats
  5 endoplasms
  6 giant cockroaches
  23 goblins
  12 hobgoblins
  2 quokkas
  5 ball pythons
  7 frilled lizards
  10 kobolds
  6 rats
173 creatures vanquished.

Vanquished Creatures (others)
  A goblin (D:2)
1 creature vanquished.

Grand Total: 174 creatures vanquished

Notes
Turn   | Place    | Note
-------+----------+-------------------------------------------
     0 | Abyss:1  | Gargoyl the Gargoyle Abyssal Knight began the quest for the
                  | Orb.
     0 | Abyss:1  | Reached XP level 1. HP: 14/14 MP: 2/2
     0 | D:1      | Escaped the Abyss
   145 | D:1      | Reached XP level 2. HP: 18/19 MP: 3/3
   152 | D:1      | Reached ** piety under Lugonu
   778 | D:1      | You fall into a shaft and drop 1 floor!
   824 | D:2      | Reached XP level 3. HP: 19/24 MP: 4/4
  1077 | D:2      | Noticed Robin
  1107 | D:2      | Killed Robin
  1108 | D:2      | Reached XP level 4. HP: 18/29 MP: 5/5
  1974 | D:3      | Noticed Terence
  1987 | D:3      | Killed Terence
  1988 | D:3      | Reached XP level 5. HP: 22/34 MP: 6/6
  2246 | D:3      | Reached *** piety under Lugonu
  2563 | D:3      | Found a faded altar of an unknown god.
  2599 | D:3      | Found a runed translucent door.
  2600 | D:3      | Noticed Crazy Yiuf
  3203 | D:3      | Killed Crazy Yiuf
  3204 | D:3      | Reached skill level 1 in Polearms
  3214 | D:3      | Identified the +11 mace of the Doomed Warrior {vorpal,
                  | *Slow Str+2 Dex+4 Stlth+}
  3463 | D:4      | Noticed a black bear
  3465 | D:4      | Noticed Menkaure
  3481 | D:3      | Reached XP level 6. HP: 29/40 MP: 7/7
  3574 | D:3      | Killed a black bear
  3575 | D:3      | Reached skill level 5 in Fighting
  3708 | D:4      | HP: 1/60 [Menkaure (16)]
  3715 | D:4      | Killed Menkaure
  3716 | D:4      | Reached skill level 1 in Dodging
  3716 | D:4      | Reached XP level 7. HP: 34/44 MP: 8/8
  4647 | D:5      | Entered Level 5 of the Dungeon
  4793 | D:5      | Found a staircase to the Ecumenical Temple.
  4804 | D:5      | Reached skill level 5 in Armour
  5032 | D:5      | Noticed Prince Ribbit
  5035 | D:5      | Noticed Eustachio
  5244 | D:5      | Noticed Edmund
  5262 | D:5      | Killed Edmund
  5522 | D:5      | Killed Prince Ribbit
  5523 | D:5      | Reached XP level 8. HP: 39/51 MP: 9/9
  6068 | D:5      | Found a runed translucent gate.
  6068 | D:5      | Found a runed translucent gate.
  6068 | D:5      | Found a runed translucent gate.
  6069 | D:5      | Noticed Flugslaktarn's ghost (amateur PaEn)
  6069 | D:5      | Identified the +1 scale mail "Opath" {Int+5 Dex-3}
  6115 | D:5      | Killed Eustachio
  6116 | D:5      | Reached skill level 5 in Polearms
  6116 | D:5      | Reached skill level 1 in Stealth
  6158 | D:5      | Noticed Sigmund
  6167 | D:5      | Killed Sigmund
  6297 | D:5      | Found a hazy altar of Hepliaklqana.
  6528 | Temple   | Entered the Ecumenical Temple
  6657 | Temple   | Killed Flugslaktarn's ghost
  6692 | D:5      | Reached **** piety under Lugonu
  6931 | D:6      | Reached XP level 9. HP: 31/56 MP: 10/10
  7143 | D:6      | Identified the +3 long sword "Abicy" {venom, rElec Dex+2}
  7208 | D:6      | Noticed Blork the orc
  7214 | D:6      | Killed Blork the orc
  7489 | D:6      | Reached skill level 1 in Long Blades
  7787 | D:7      | Found a shimmering altar of Xom.
  7793 | D:7      | Found an opulent altar of Gozag.
  7795 | D:7      | Found an ancient bone altar of Kikubaaqudgha.
  7890 | D:7      | Found a stormy altar of Qazlal.
  8241 | D:7      | Reached ***** piety under Lugonu
  8605 | D:8      | Noticed a two-headed ogre
  8880 | D:8      | Found a broken altar of Ashenzari.
  8987 | D:8      | Noticed Maurice
  8994 | D:8      | HP: 2/57 [Maurice/+1 short sword of holy wrath (9)]
  8998 | D:8      | Killed from afar by Maurice

Illustrated notes

Levels and vault maps discovered:
D:1:      lemuel_arrival_broad_hall, layout_loops_ring
D:2:      layout_rooms, uniq_robin
D:3:      layout_loops_corners, basic_ecumenical_altar, uniq_terence,
          uniq_crazy_yiuf_cottage
D:4:      layout_loops_cross, uniq_menkaure
D:5:      layout_loops_ring, mainiacjoe_overflow_alcove_4,
          minmay_temple_entry_crystal_x, biasface_ghost_orc_armoury,
          nrook_pool_corridor, minivault_26, uniq_edmund, uniq_sigmund,
          uniq_prince_ribbit1, uniq_eustachio
D:6:      layout_rooms, minmay_ogre_servants, uniq_blork_the_orc
D:7:      layout_basic, minitemple, grunt_qazlal_clouds
D:8:      minmay_general_purpose_star, layout_rooms,
          ashenzari_conservatory_becter, uniq_maurice
Temple:   eino_temple_rhombus

Skill      XL: |  1  2  3  4  5  6  7  8  9 |
---------------+----------------------------+-----
Axes           | 2 3 |  3.0
Fighting       | 4 5 6 7 |  7.1
Armour         | 3 4 5 7 |  7.8
Polearms       | 1 3 4 5 6 |  6.5
Dodging        | 1 2 |  2.5
Stealth        | 1 |  1.4
Invocations    | 4 |  4.1
Long Blades    | 3 |  3.3

Action                   |  1- 3 |  4- 6 |  7- 9 || total
-------------------------+-------+-------+-------++-------
Melee: Hand axe          |   108 |    49 |       ||   157
       Trident           |       |    74 |   210 ||   284
       Long sword        |       |       |   165 ||   165
       Punch             |       |       |     3 ||     3
Invok: Depart the Abyss  |     1 |       |       ||     1
  Use: Scroll            |     5 |     4 |     9 ||    18
       Potion            |       |     6 |     5 ||    11
Armor: Leather armour    |    11 |       |       ||    11
       Chain mail        |    56 |    94 |   318 ||   468
       Skin              |       |     1 |       ||     1
Dodge: Dodged            |    56 |    37 |   195 ||   288

Table legend: (Time is in decaauts)
 A = Elapsed time spent in this place.
 B = Non-inter-level travel time spent in this place.
 C = Inter-level travel time spent in this place.
 D = Time resting spent in this place.
 E = Time spent auto-exploring this place.
 F = Levels seen in this place.
 G = Mean time per level.
                   A        B        C        D        E       F      G
               +--------+--------+--------+--------+--------+-----+--------+
         Total |   9119 |   8945 |    174 |    939 |   6244 |  10 |  911.9 |
       Dungeon |   8967 |   8793 |    174 |    819 |   6244 |   8 | 1120.9 |
        Temple |    152 |    152 |      0 |    120 |      0 |   1 |  152.0 |
         Abyss |      0 |      0 |      0 |      0 |      0 |   1 |    0.0 |
               +--------+--------+--------+--------+--------+-----+--------+

Top non-repeatable levels by time:
     D:3: 1713 daAuts
     D:5: 1655 daAuts
     D:4: 1425 daAuts
     D:6: 1083 daAuts
     D:1: 1043 daAuts
     D:2: 953 daAuts
     D:7: 683 daAuts
     D:8: 408 daAuts
  Temple: 152 daAuts
